 Dungeon Crawl Stone Soup version 0.22.0-35-ge4bf2f5f59 (webtiles) character file.

46 Flugkiller the Scratcher (level 3, 0/15 HPs)
             Began as a Felid Transmuter on Aug 24, 2018.
             Slain by an adder (5 damage)
             ... on level 2 of the Dungeon.
             The game lasted 00:01:52 (2325 turns).

Flugkiller the Scratcher (Felid Transmuter)         Turns: 2325, Time: 00:01:53

Health: 0/15       AC:  1    Str:  6    XL:     3   Next: 44%
Magic:  7/7        EV: 18    Int: 14    God:
Gold:   60         SH:  0    Dex: 17    Spells: 3/6 levels left
                                        Lives:  0   Deaths: 0

rFire    . . .     SeeInvis +     - Unarmed
rCold    . . .     Gourm    .   (shield unavailable)
rNeg     . . .     Faith    .   (armour unavailable)
rPois    .         Spirit   .   (helmet unavailable)
rElec    .         Reflect  .   (cloak unavailable)
rCorr    .         Harm     .   (gloves unavailable)
MR       .....                  (boots unavailable)
Stlth    ++........             (no amulet)
HPRegen  0.05/turn              (no ring)
MPRegen  0.10/turn              (no ring)

@: quick
A: very small, no armour, no weapons or thrown items, stealth, claws 1, fangs 3,
see invisible, carnivore, speed 1, shaggy fur 1, slow metabolism 1, sharp paws
a: no special abilities


You were on level 2 of the Dungeon.
You were completely stuffed.

You visited 1 branch of the dungeon, and saw 2 of its levels.

You collected 60 gold pieces.

Inventory:

Missiles
 a - 51 arrows
Scrolls
 b - a scroll of remove curse {unknown}
 d - a scroll of enchant weapon {unknown}
 e - a scroll of fog {unknown}
 f - a scroll of enchant armour {unknown}
 h - a scroll of immolation {unknown}
 j - 2 scrolls of fear {unknown}
 k - a scroll of teleportation {unknown}
 l - a scroll of blinking {unknown}
Potions
 g - a potion of flight {unknown}
 i - a potion of degeneration {unknown}
Comestibles
 c - 3 rations


   Skills:
 - Level 1.0 Fighting
 - Level 2.6 Dodging
 + Level 4.5 Unarmed Combat
 - Level 2.0 Spellcasting
 - Level 2.1 Transmutations


You had 3 spell levels left.
You knew the following spells:

 Your Spells              Type           Power        Failure   Level  Hunger
a - Beastly Appendage     Tmut           #.....       10%         1    ##.....
b - Sticks to Snakes      Tmut           #.......     14%         2    ###....

Your spell library contained the following spells:

 Spells                   Type           Power        Failure   Level  Hunger
 Spider Form              Tmut/Pois      #.........   41%         3    ####...
 Ice Form                 Ice/Tmut       #.......     83%         4    #####..
 Blade Hands              Tmut           #.........   95%         5    ######.


Dungeon Overview and Level Annotations

Branches:
Dungeon (2/15)

Altars:
Uskayaw


Innate Abilities, Weirdness & Mutations

You cannot wear armour.
You are incapable of wielding weapons or throwing items.
Your paws allow you to move quietly. (Stealth)
You have sharp claws.
You have razor-sharp teeth.
You have supernaturally acute eyesight. (SInv)
You are carnivorous and can eat meat at any time.
You cover ground quickly.
You are covered in fur. (AC +1)
You have a slow metabolism.
Your sharp claws are effective at attacking unaware monsters.


Message History

An adder comes into view.
An adder is nearby!
An adder is nearby!
No target in view!
No target in view!
There is a hide-covered altar of Uskayaw here.
l - a scroll labeled ESTIET HUXINE You open the door.
There is an open door here.
You open the door.
There is an open door here.
An adder comes into view.
A worm comes into view.
Found 16 stones.
Found a stone staircase leading down.
The adder hisses angrily.
The adder bites you.
You closely miss the adder. The adder misses you. The adder bites you.
There is an open door here.
The adder bites you.
You die...

#......#........#
#.#####
#..>#.##........#
#......
#...#.##...>....#
######.
#####.##........#
#.. #..'........#
#.. ####........#
#.. #.........#
#.. #.........#
#.. #....S@...#
#####..
............###
#......
####..........#
#.###.<
##########.#
#......
#.#####)####)
#.##.......#.
#.##.##....#.
#.##.#.รท...#.
#......_.....


You could see an adder.

Vanquished Creatures
  2 oozes (D:1)
  A dart slug (D:2)
  2 leopard geckos
  6 hobgoblins
  3 bats
  9 frilled lizards
  5 goblins
  3 kobolds
  5 rats
36 creatures vanquished.

Notes
Turn   | Place    | Note
-------+----------+-------------------------------------------
     0 | D:1      | Flugkiller the Felid Transmuter began the quest for the Orb.
     0 | D:1      | Reached XP level 1. HP: 9/9 MP: 4/4
   158 | D:1      | Reached XP level 2. HP: 12/12 MP: 6/6
   495 | D:1      | Learned a level 2 spell: Sticks to Snakes
   802 | D:1      | Reached skill level 4 in Unarmed Combat
  1321 | D:1      | Reached XP level 3. HP: 8/15 MP: 7/7
  1864 | D:2      | Found a hide-covered altar of Uskayaw.
  2325 | D:2      | Slain by an adder

Skill      XL: |  1  2 |
---------------+-------+-----
Unarmed Combat | 4 |  4.5
Fighting       | |  1.0
Dodging        | |  2.6
Spellcasting   | |  2.0
Transmutations | |  2.1

Action                   || total
-------------------------++-------
Melee: Unarmed           ||   112
       Bite              ||     8
       Punch             ||     1
 Stab: Sleeping          ||     3
  Eat: Chunk             ||    10
Armor: Skin              ||     4
Dodge: Dodged            ||    83
